 Dungeon Crawl Stone Soup version 0.31-a0-810-ga77100ea1a (webtiles) character file.

Game seed: 122032888633633855

172 IdlyInterested the Trooper (level 5, -1/42 HPs)
             Began as a Demonspawn Gladiator on Sept 21, 2023.
             Slain by ratmeat3's ghost (2 damage)
             ... on level 3 of the Dungeon.
             The game lasted 00:09:19 (2777 turns).

IdlyInterested the Trooper (Demonspawn Gladiator)   Turns: 2777, Time: 00:09:20

Health: -1/42      AC:  9    Str: 16    XL:     5   Next: 27%
Magic:  0/6        EV: 11    Int: 10    God:
Gold:   94         SH:  4    Dex: 16    Spells: 4/4 levels left

rFire   + . .        a - +0 war axe
rCold   + . .        h - +0 buckler
rNeg    . . .        f - +0 swamp dragon scales
rPois   +            c - +0 helmet
rElec   +            (no cloak)
rCorr   +            (no gloves)
SInv    .            s - +0 pair of boots
Will    .....        (no amulet)
Stlth   ++           (no ring)
HPRegen 0.27/turn    (no ring)
MPRegen 0.20/turn

%: guardian spirit
@: mighty, resistant, attractive, studying Ice Magic
A: thin skeletal structure 1, magic shield, magic regeneration
a: no special abilities


You were on level 3 of the Dungeon.
You visited 1 branch of the dungeon, and saw 3 of its levels.

You collected 94 gold pieces.

Inventory:

Hand Weapons
 a - a +0 war axe (weapon)
Missiles
 d - 3 throwing nets
 e - a javelin
 g - 30 stones (quivered)
 j - 3 atropa-tipped darts
Armour
 c - a +0 helmet (worn)
 f - +0 swamp dragon scales (worn)
 h - a +0 buckler (worn)
 s - a +0 pair of boots (worn)
Talismans
 o - a serpent talisman
Scrolls
 b - a scroll of immolation {unknown}
 i - a scroll of butterflies {unknown}
 k - a scroll of enchant armour {unknown}
 m - a scroll of vulnerability
 p - a scroll of fear {unknown}
 t - a scroll of poison {unknown}
 v - a scroll of amnesia
Potions
 q - a potion of resistance
 u - a potion of heal wounds {unknown}


   Skills:
 + Level 3.9 Fighting
 - Level 3.0 Axes
 - Level 1.7 Throwing
 - Level 2.0 Armour
 - Level 2.6 Dodging
 - Level 1.0 Stealth
 - Level 2.0 Invocations
 - Level 1.0 Shapeshifting


You had 4 spell levels left.
You didn't know any spells.
Your spell library contained the following spells:

 Spells                   Type           Power      Damage    Failure   Level
 Ensorcelled Hibernation  Hex/Ice        0%         N/A       82%         2
 Jinxbite                 Hex            0%         N/A       82%         2
 Anguish                  Hex/Necr       0%         N/A       100%        4


Dungeon Overview and Level Annotations

Branches:
Dungeon (3/15)

Altars:

Annotations:
D:3 ratmeat3's ghost, amateur TrFi


Innate Abilities, Weirdness & Mutations

You have a somewhat thin skeletal structure. (Dex +2, Stealth+)
When hurt, damage is shared between your health and your magic reserves.
You regenerate magic rapidly.


Message History

Ratmeat3's ghost sneers, "Only the weak need weapons."
Ratmeat3's ghost hits you!
* * * LOW HITPOINT WARNING * * *
Ratmeat3's ghost hits you.
* * * LOW HITPOINT WARNING * * *
You feel better. Ratmeat3's ghost completely misses you.
You completely miss ratmeat3's ghost.
Ratmeat3's ghost is heavily damaged.
Ratmeat3's ghost hits you!
* * * LOW HITPOINT WARNING * * *
You feel better. Ratmeat3's ghost hits you.
You slash ratmeat3's ghost!
Ratmeat3's ghost is severely damaged.
You block ratmeat3's ghost's attack. Ratmeat3's ghost hits you.
* * * LOW HITPOINT WARNING * * *
You hit ratmeat3's ghost.
Ratmeat3's ghost is severely damaged.
Ratmeat3's ghost hits you but does no damage.
You hit ratmeat3's ghost but do no damage.
Ratmeat3's ghost is severely damaged.
Ratmeat3's ghost hits you but does no damage.
Ratmeat3's ghost hits you!
* * * LOW HITPOINT WARNING * * *
It was a potion of resistance.
You feel protected.
Ratmeat3's ghost hits you but does no damage.
It was a potion of attraction.
You feel attractive to monsters.
Ratmeat3's ghost hits you but does no damage.
It was a potion of might.
You feel very mighty all of a sudden. Ratmeat3's ghost barely misses you.
You completely miss ratmeat3's ghost.
Ratmeat3's ghost is severely damaged.
Ratmeat3's ghost hits you!
* * * LOW HITPOINT WARNING * * *
You barely miss ratmeat3's ghost.
Ratmeat3's ghost is severely damaged.
Ratmeat3's ghost hits you.
You die...

#...#### .# ####.#... ##~~~#
###....... #~(~# # ..#.##..#
#~~~##### .# # ....##..# #~~~#
..#####.#.. ........#
#####~~~###.......... .......##
#...#~r~#.........#.#
.P.<#.....#...##W##.....#.###.# #
......#.#.#.....@..##.........# #
.....##.......................###
##.......#....)..####..........##
#..............#####..........†.
..........#..####..............#
....8.......8...................
#.P.............#####.........#..
.........8..# #...........#
P............. #########...#


You could see ratmeat3's ghost and a rat.

Vanquished Creatures
  An orc priest (D:3)
  A hound skeleton (D:3)
  6 adders
  An adder skeleton (D:3)
  An adder zombie (D:3)
  A worm (D:2)
  3 dart slugs (D:1)
  4 orcs (D:3)
  3 ball pythons
  7 bats
  5 endoplasms
  3 giant cockroaches
  4 goblins
  4 hobgoblins
  3 quokkas
  A frilled lizard (D:2)
  5 kobolds
  2 rats
55 creatures vanquished.

Notes
Turn   | Place    | Note
-------+----------+-------------------------------------------
     0 | D:1      | IdlyInterested the Demonspawn Gladiator began the quest for
                  | the Orb.
     0 | D:1      | Reached XP level 1. HP: 16/16 MP: 1/1
   272 | D:1      | Reached skill level 1 in Armour
   281 | D:1      | Gained mutation: You regenerate magic rapidly. [demonic
                  | ancestry]
   281 | D:1      | Reached XP level 2. HP: 23/23 MP: 2/2
   298 | D:1      | Found a faded altar of an unknown god.
   359 | D:1      | Reached skill level 1 in Stealth
   511 | D:1      | Reached skill level 1 in Invocations
   637 | D:1      | Reached XP level 3. HP: 25/28 MP: 3/3
  1646 | D:2      | Reached skill level 1 in Shapeshifting
  1646 | D:2      | Gained mutation: When hurt, damage is shared between your
                  | health and your magic reserves. [demonic ancestry]
  1646 | D:2      | Reached XP level 4. HP: 35/35 MP: 5/5
  2546 | D:3      | Gained mutation: You have a somewhat thin skeletal
                  | structure. (Dex +2, Stealth+) [demonic ancestry]
  2546 | D:3      | Reached XP level 5. HP: 11/41 MP: 2/6
  2705 | D:3      | Found a runed translucent door.
  2728 | D:3      | Noticed ratmeat3's ghost (amateur TrFi)
  2776 | D:3      | HP: 1/42 [ratmeat3's ghost (5)]
  2777 | D:3      | Slain by ratmeat3's ghost

Illustrated notes

Levels and vault maps discovered:
D:1:      evilmike_arrival_hilbert_curve, layout_basic,
          chequers_ecumenical_altar_twisty, solitary_fountain
D:2:      layout_loops_corners, patterned_corridor
D:3:      layout_rooms, serial_undead, serial_undead_e, serial_undead_d,
          serial_undead_b, serial_undead_c, serial_undead_e, serial_undead_b,
          serial_undead_d, serial_undead_e, ebering_ghost_sewer_f,
          hangedman_decor_slide_cut, minmay_misc_feat_nine_boxes,
          minmay_misc_feat_doors, chequers_serial_rivers_large_b, uniq_terence

Skill      XL: |  1  2  3  4 |
---------------+-------------+-----
Armour         | 1 2 |  2.0
Stealth        | 1 |  1.0
Invocations    | 1 2 |  2.0
Fighting       | 3 |  3.9
Shapeshifting  | 1 |  1.0
Axes           | 3 |  3.0
Throwing       | |  1.7
Dodging        | |  2.6

Action                     |  1- 3 |  4- 6 || total
---------------------------+-------+-------++-------
  Melee: War axe           |    87 |    84 ||   171
  Throw: Stone             |     1 |       ||     1
    Use: Potion            |       |     5 ||     5
         Scroll            |       |     4 ||     4
   Stab: Sleeping          |     1 |     1 ||     2
 Armour: Swamp dragon scal |    56 |    87 ||   143
  Dodge: Dodged            |    51 |    60 ||   111
  Block: Buckler           |    18 |    28 ||    46

Table legend: (Time is in decaauts)
 A = Elapsed time spent in this place.
 B = Non-inter-level travel time spent in this place.
 C = Inter-level travel time spent in this place.
 D = Time resting spent in this place.
 E = Time spent auto-exploring this place.
 F = Levels seen in this place.
 G = Mean time per level.
                   A        B        C        D        E       F      G
               +--------+--------+--------+--------+--------+-----+--------+
         Total |   2848 |   2090 |    758 |    217 |   1179 |   3 |  949.3 |
       Dungeon |   2848 |   2090 |    758 |    217 |   1179 |   3 |  949.3 |
               +--------+--------+--------+--------+--------+-----+--------+

Top non-repeatable levels by time:
     D:1: 1324 daAuts
     D:2: 1298 daAuts
     D:3: 225 daAuts
